Map: Eternal Empire LE

Players

Ratl - Winner!

  • Race: Protoss Protoss
  • League: Silver
  • Spawn Location: 7:00

DrPip

  • Race: Terran Terran
  • Spawn Location: 1:00

VOD

Have the link to the VOD?

Description

Time

  • Played on: Jan. 31, 2020, 3:56 p.m.
  • Length: 9:13
Show
View Real Time Build Order
Export as new Build Order

Ratl Protoss - Winner!

Build Orders: Colossus Rush 

Get SALT Encoding   

  12  0:00  Probe  
  13  0:13  Probe  
  14  0:18  Pylon  
  14  0:25  Probe  
  15  0:37  Gateway  
  15  0:40  Probe  
  16  0:50  Assimilator  
  16  0:52  Probe (Chrono Boost)  
  17  1:02  Probe (Chrono Boost)  
  17  1:03  Assimilator  
  18  1:07  Probe (Chrono Boost)  
  19  1:12  Gateway  
  19  1:19  Probe  
  19  1:21  Pylon  
  20  1:31  Probe  
  21  1:34  Cybernetics Core  
  21  1:43  Probe  
  22  1:55  Probe  
  22  2:00  Pylon  
  23  2:07  Probe  
  24  2:08  Warp Gate (Chrono Boost)  
  24  2:13  Stalker x2  
  28  2:19  Probe  
  29  2:31  Probe  
  30  2:43  Probe  
  31  2:52  Nexus  
  31  2:55  Probe  
  32  3:07  Probe  
  32  3:08  Robotics Facility  
  32  3:14  Zealot (Chrono Boost)  
  32  3:15  Zealot (Chrono Boost)  
  35  3:29  Probe  
  35  3:33  Sentry  
  36  3:41  Probe  
  38  3:54  Probe  
  39  4:04  Observer  
  39  4:06  Probe x2  
  42  4:15  Pylon  
  42  4:18  Probe x2  
  42  4:23  Pylon  
  44  4:25  Robotics Bay  
  44  4:30  Twilight Council  
  42  4:56  Immortal  
  46  5:17  Stalker x2  
  46  5:21  Probe (Chrono Boost)  
  46  5:22  Probe (Chrono Boost)  
  46  5:25  Assimilator  
  46  5:29  Assimilator  
  46  5:31  Probe x2 (Chrono Boost)  
  46  5:35  Colossus  
  48  5:36  Probe x2 (Chrono Boost)  
  48  5:37  Extended Thermal Lance  
  56  5:47  Probe  
  56  5:48  Probe  
  58  5:51  Forge  
  58  5:52  Forge  
  58  5:57  Stalker x2  
  62  6:06  Probe x2  
  64  6:18  Probe x2  
  66  6:25  Stalker x2  
  70  6:30  Protoss Ground Weapons Level 1 (Chrono Boost)  
  70  6:52  Pylon, Nexus  
  70  6:56  Pylon  
  70  7:01  Immortal  
  70  7:04  Protoss Ground Armor Level 1 (Chrono Boost)  
  70  7:10  Probe x2  
  76  7:17  Stalker x2  
  82  7:22  Probe (Chrono Boost)  
  82  7:28  Probe (Chrono Boost)  
  82  7:32  Probe (Chrono Boost)  
  82  7:34  Gateway  
  82  7:35  Gateway  
  82  7:36  Probe (Chrono Boost), Gateway  
  84  7:37  Probe (Chrono Boost), Pylon  
  85  7:46  Pylon  
  85  7:47  Probe  
  85  7:48  Pylon  
  86  7:52  Robotics Facility  
  86  7:54  Colossus  
  84  8:09  Probe x3  
  83  8:19  Stalker  
  85  8:20  Stalker  
  85  8:21  Probe x3  
  90  8:34  Stalker x2  
  90  8:40  Probe x2  
  90  8:41  Probe  
  97  8:45  Assimilator  
  97  8:49  Assimilator  
  97  8:52  Probe  
  97  8:53  Probe x2, Stalker x2  
Show
View Real Time Build Order
Export as new Build Order

DrPip Terran 

Build Orders:  

Get SALT Encoding   

  12  0:03  SCV  
  13  0:15  SCV  
  13  0:20  Supply Depot  
  14  0:27  SCV  
  15  0:41  SCV  
  15  0:42  Barracks  
  16  0:54  SCV  
  17  0:57  Refinery  
  17  1:09  SCV  
  18  1:21  SCV  
  19  1:34  Command Center  
  19  1:35  SCV  
  20  1:41  Reaper  
  21  1:47  Supply Depot  
  21  1:52  Orbital Command  
  21  2:19  Barracks Reactor  
  21  2:22  SCV  
  22  2:33  Barracks  
  22  2:37  SCV  
  22  2:38  Refinery  
  23  2:46  Orbital Command  
  23  2:49  SCV  
  24  2:51  Bunker  
  24  2:57  Bunker  
  23  3:44  Reaper x2  
  23  3:46  Marine  
  26  3:51  Barracks  
  26  3:55  Bunker  
  26  4:01  SCV  
  27  4:04  Marine  
  27  4:07  Bunker  
  23  4:59  Reaper x4  
  22  5:15  SCV  
  20  5:27  SCV  
  20  5:31  Reaper x3, Orbital Command  
  20  5:32  Reaper  
  24  5:40  SCV  
  25  5:52  SCV  
  25  5:53  Engineering Bay  
  26  6:03  Reaper x2  
  26  6:04  SCV, Reaper x2  
  31  6:06  Bunker  
  31  6:09  SCV, Refinery  
  32  6:16  SCV  
  33  6:21  SCV  
  33  6:22  Terran Infantry Weapons Level 1  
  34  6:29  Supply Depot  
  34  6:30  SCV  
  35  6:34  SCV  
  35  6:35  Reaper x2  
  35  6:36  Reaper  
  39  6:42  SCV  
  39  6:44  Engineering Bay  
  39  6:46  SCV  
  41  6:54  SCV  
  41  6:58  SCV  
  43  7:06  SCV  
  44  7:10  SCV  
  45  7:16  Factory  
  45  7:18  SCV, Terran Infantry Armor Level 1  
  45  7:20  Missile Turret  
  45  7:22  SCV  
  47  7:23  Marine  
  47  7:24  Marine x3  
  51  7:32  Supply Depot  
  51  7:34  SCV  
  51  7:36  Refinery  
  52  7:38  SCV  
  52  7:41  Marine  
  54  7:51  Marine  
  54  7:54  Marine x2, SCV x2  
  54  7:55  Supply Depot  
  58  7:59  Marine  
  58  8:06  SCV x2  
  58  8:08  Marine  
  58  8:11  Marine x2  
  55  8:17  Marine  
  55  8:18  SCV x2, Supply Depot  
  56  8:26  Marine  
  57  8:29  Marine x2  
  57  8:30  SCV x2, Starport  
  57  8:31  Starport  
  57  8:32  Starport  
  61  8:34  Starport  
  61  8:42  SCV  
  61  8:45  Missile Turret  
  61  8:47  Marine x2  
  64  8:50  Missile Turret  
  64  8:53  Command Center  
  64  8:54  SCV  
Tags
 
Add a new tag
Caveats
  • Supply blocks, unpowered buildings, or Contaminate may cause inaccurate times.
  • Supply counts are checked every 10 seconds.